 Dungeon Crawl Stone Soup version 0.28.0-1-gb440e238dd (webtiles) character file.

Game seed: 6012763245213837099

1554 spaghetti the Poker (level 8, -5/72 HPs)
             Began as a Naga Summoner on Feb 20, 2022.
             Was an Initiate of Kikubaaqudgha.
             Shot with an arrow by a centaur (6 damage)
             ... on level 6 of the Dungeon.
             The game lasted 00:20:09 (8673 turns).

spaghetti the Poker (Naga Summoner)                 Turns: 8673, Time: 00:20:10

Health: -5/72      AC:  6    Str: 14    XL:     8   Next: 88%
Magic:  3/15       EV:  9    Int: 15    God:    Kikubaaqudgha [......]
Gold:   219        SH:  0    Dex: 11    Spells: 4/15 levels left

rFire   . . .      SeeInvis +   j - +3 dagger (speed)
rCold   + + .      Faith    .   (no shield)
rNeg    . . .      Spirit   .   e - +2 robe {rC+}
rPois   +          Reflect  .   o - +0 helmet
rElec   .          Harm     .   (no cloak)
rCorr   .          Rampage  .   (no gloves)
Will    +....                   (no barding)
Stlth   ++........              (no amulet)
HPRegen 0.22/turn               f - ring of wizardry
MPRegen 0.14/turn               (no ring)

@: very slow
A: AC +2, large, see invisible, deformed body, poison resistance, slowness 2,
spit poison 1, naga tail 1, fangs 1, cold resistance 1, high MP 1
a: Spit Poison, Renounce Religion


You were on level 6 of the Dungeon.
You worshipped Kikubaaqudgha.
Kikubaaqudgha was noncommittal.
You visited 2 branches of the dungeon, and saw 8 of its levels.

You collected 329 gold pieces.
You spent 110 gold pieces at shops.

Inventory:

Hand Weapons
 h - a +0 vampiric dagger
 j - a +3 dagger of speed (weapon)
 l - a +0 bardiche
 n - a -2 quick blade
 p - a -2 demon trident
Missiles
 c - 18 poisoned darts
Armour
 e - a +2 robe of cold resistance (worn)
 g - a +0 helmet
 o - a +0 helmet (worn)
Magical Staves
 i - a staff of earth
Jewellery
 f - a ring of wizardry (left hand)
Scrolls
 b - 3 scrolls of enchant armour
 q - a scroll of immolation
Potions
 a - 2 potions of mutation


   Skills:
 - Level 4.0 Fighting
 - Level 6.6 Polearms
 - Level 1.5 Dodging
 - Level 3.0 Stealth
 - Level 4.0 Spellcasting
 - Level 6.0 Summonings
 - Level 2.0 Air Magic
 + Level 3.2 Evocations


You had 4 spell levels left.
You knew the following spells:

 Your Spells              Type           Power      Damage    Failure   Level
a - Summon Small Mammal   Summ           84%        N/A       1%          1
b - Call Imp              Summ           21%        N/A       1%          2
c - Call Canine Familiar  Summ           21%        N/A       1%          3
d - Animate Skeleton      Necr           6%         N/A       8%          1
e - Summon Lightning Spi  Summ/Air       15%        N/A       14%         4

Your spell library contained the following spells:

 Spells                   Type           Power      Damage    Failure   Level
 Summon Guardian Golem    Hex/Summ       12%        N/A       6%          3
 Apportation              Tloc           6%         N/A       8%          1
 Confusing Touch          Hex            3%         N/A       21%         3
 Frozen Ramparts          Ice            6%         1d2       21%         3
 Spider Form              Tmut/Pois      3%         N/A       21%         3
 Yara's Violent Unravell  Hex/Tmut       1%         3d3       86%         5
 Enfeeble                 Hex            1%         N/A       100%        7


Dungeon Overview and Level Annotations

Branches:
Dungeon (7/15)             Temple (1/1) D:4

Altars:
Cheibriados
Dithmenos
Elyvilon
Fedhas
Gozag
Hepliaklqana
Kikubaaqudgha
Makhleb
Nemelex Xobeh
Okawaru
Qazlal
Ru
Sif Muna
Trog
Uskayaw
Vehumet
Wu Jian
Xom
Zin
The Shining One
Beogh

Shops:
D:4 *

Annotations:
D:6 1 transporter


Innate Abilities, Weirdness & Mutations

Your serpentine skin is tough. (AC +2)
You have supernaturally acute eyesight. (SInv)
Armour fits poorly on your strangely shaped body.
Your system is resistant to poisons. (rPois)
You cover ground very slowly.
You can spit poison.
You have a snake-like lower body.
You have very sharp teeth.
Your flesh is cold resistant. (rC+)
You have an increased reservoir of magic. (+10% MP)


Message History

Aiming: Corrosive Bolt
Press: ? - help, Shift-Dir - straight line, f - gnoll
Aim: a gnoll, wielding a +0 club (77% to hit)
The bolt of acid hits the gnoll!
The acid corrodes the gnoll!
You kill the gnoll!
Kikubaaqudgha accepts your kill.
The now-empty wand crumbles to dust.
You start resting.
An arrow appears from out of your range of vision.
The arrow hits your hound!
You start resting.
You feel a little less mighty now.
You hear a twanging sound.
An arrow appears from out of your range of vision.
The arrow completely misses your hound.
A centaur comes into view. It is wielding a +0 shortbow.
The centaur shoots an arrow.
The arrow closely misses your hound. The arrow barely misses you.
The centaur shoots an arrow.
The arrow misses your hound. The arrow hits you!
* * * LOW HITPOINT WARNING * * *
The centaur shoots an arrow.
The arrow hits you!
* * * LOW HITPOINT WARNING * * *
Okay, then.
Okay, then.
You aren't carrying any items that you can evoke.
Unknown command.
You aren't carrying any items that you can evoke.
Okay, then.
Okay, then.
Aiming: Spit Poison (1% risk of failure)
Press: ? - help, Q - select action, (/) - cycle Shift-Dir - straight line, f - centaur
Aim: a centaur, wielding a +0 shortbow, wearing a +0 robe and quivering arrows (78% to hit)
Okay, then.
Casting: Call Canine Familiar (safe; 1% risk of failure)
Confirm with . or Enter, or press ? or * to list all spells.
Casting: Summon Small Mammal (safe; 1% risk of failure)
Confirm with . or Enter, or press ? or * to list all spells.
An electric hum fills the air.
The centaur shoots an arrow.
The arrow hits you.
You die...
Kikubaaqudgha rasps: "You have failed me!
Welcome... death!"

....####.<..... ....#####...(..
.#..#..##...... .#)...©
©.°#©..###...# ........#
#..#.....#..## ........#
#.....#.... ........#
#........'# ........#
########........#. ........##
####@...#...)......#⌠
.........###.#.hb..#..........#.
....g.....##.#...8.#..........#⌠
.......)....)c)...............##
...........)))>....#..........##
...................##.#.#.....##
...................##.#.#......#
....................#.#.###.^...
..##................#.#.# #..[..


You could see a centaur (ally target), a friendly lightning spire (summoned), a
friendly hound (summoned) and a friendly bat (summoned).

Vanquished Creatures
  A vampire mosquito (D:7)
  A black bear (D:6)
  An ogre (D:6)
  A phantom (D:6)
  A bullfrog (D:6)
  A gnoll shaman (D:6)
  A bullfrog skeleton (D:2)
  An orc wizard (D:3)
  A hound skeleton (D:5)
  4 gnolls (D:6)
  5 adders
  3 white imps
  3 orcs
  3 endoplasms
  4 giant cockroaches
  7 goblins
  6 hobgoblins
  4 jackals
  2 quokkas
  6 ball pythons
  3 bats
  2 frilled lizards
  A kobold (D:1)
  6 rats
68 creatures vanquished.

Vanquished Creatures (collateral kills)
  A yak (D:7)
  A water moccasin (D:5)
  3 ogres
  A scorpion (D:6)
  A water moccasin skeleton (D:5)
  Jessica (D:2)
  Natasha (thrice) (D:2)
  5 gnolls
  6 adders
  A worm (D:2)
  A dart slug (D:1)
  6 orcs
  4 ball pythons
  4 bats
  4 endoplasms
  2 goblins
  8 hobgoblins
  3 jackals (D:1)
  3 kobolds
  A quokka (D:2)
  A rat (D:3)
60 creatures vanquished.

Vanquished Creatures (others)
  A gnoll shaman (D:7)
1 creature vanquished.

Grand Total: 129 creatures vanquished

Notes
Turn   | Place    | Note
-------+----------+-------------------------------------------
     0 | D:1      | spaghetti the Naga Summoner began the quest for the Orb.
     0 | D:1      | Reached XP level 1. HP: 15/15 MP: 3/3
    30 | D:1      | Reached XP level 2. HP: 5/22 MP: 2/5
   632 | D:1      | Learned a level 2 spell: Call Imp
  1045 | D:1      | Reached XP level 3. HP: 26/30 MP: 5/7
  1189 | D:1      | Found a faded altar of an unknown god.
  1271 | D:1      | Reached skill level 1 in Fighting
  1292 | D:1      | Learned a level 3 spell: Call Canine Familiar
  2397 | D:2      | Noticed Jessica
  2405 | D:2      | Killed Jessica
  2406 | D:2      | Reached XP level 4. HP: 23/39 MP: 2/9
  2769 | D:2      | Reached XP level 5. HP: 39/45 MP: 10/10
  3288 | D:2      | Noticed Natasha
  3299 | D:2      | Killed Natasha
  3304 | D:2      | Noticed Natasha
  3317 | D:2      | Killed Natasha
  3408 | D:2      | Noticed Natasha
  3416 | D:2      | Killed Natasha
  3420 | D:2      | Learned a level 1 spell: Animate Skeleton
  3830 | D:3      | Reached XP level 6. HP: 53/55 MP: 6/12
  3990 | D:3      | Reached skill level 5 in Summonings
  5178 | D:4      | Got the Handbook of Frigorific Toxins
  5377 | D:4      | Found a shadowy altar of Dithmenos.
  5479 | D:4      | Found a glowing golden altar of the Shining One.
  5593 | D:4      | Found Deduhuh's Lightly-Used Armoury.
  5601 | D:4      | Bought a -2 quick blade for 55 gold pieces
  5618 | D:4      | Found a staircase to the Ecumenical Temple.
  5912 | Temple   | Entered the Ecumenical Temple
  6053 | D:4      | Bought a -2 demon trident for 55 gold pieces
  6097 | D:5      | Entered Level 5 of the Dungeon
  6150 | Temple   | Became a worshipper of Kikubaaqudgha
  6558 | D:5      | Reached XP level 7. HP: 59/64 MP: 13/13
  6674 | D:5      | Reached skill level 1 in Polearms
  7571 | D:6      | Found a transporter.
  7662 | D:6      | Found a white marble altar of Elyvilon.
  7662 | D:6      | Found a stormy altar of Qazlal.
  7889 | D:6      | Gained mutation: You have an increased reservoir of magic.
                  | (+10% MP) [potion of mutation]
  7889 | D:6      | Gained mutation: You have very sharp teeth. [potion of
                  | mutation]
  7889 | D:6      | Gained mutation: Your flesh is cold resistant. (rC+)
                  | [potion of mutation]
  7892 | D:6      | Reached XP level 8. HP: 15/72 MP: 9/15
  7898 | D:6      | Reached skill level 5 in Polearms
  8539 | D:7      | Learned a level 4 spell: Summon Lightning Spire
  8539 | D:7      | Noticed a yak
  8554 | D:7      | Killed a yak
  8555 | D:7      | Reached skill level 1 in Air Magic
  8623 | D:6      | Reached skill level 1 in Evocations
  8671 | D:6      | HP: 1/72 [centaur/arrow (9)]
  8673 | D:6      | Shot with an arrow by a centaur

Illustrated notes

Levels and vault maps discovered:
D:1:      mrwooster_arrival_arrow, layout_basic,
          hellmonk_ecumenical_altar_defaced_shrine
D:2:      layout_basic, minmay_misc_feat_doors, uniq_jessica, uniq_natasha
D:3:      layout_loops_ring, minmay_strange_pillars, fountainhead,
          minmay_misc_feat_rugged, uniq_crazy_yiuf_cottage
D:4:      layout_loops_cross, grunt_temple_overflow_open,
          minmay_temple_entry_junction_2, serial_aquarium,
          aquarium_bridge_straight [aquarium_subvault_bridge,
          aquarium_subvault_wall, aquarium_subvault_bridge,
          aquarium_subvault_window], aquarium_window_1, aquarium_window_1,
          aquarium_view_2c, minmay_shop_damaged, minmay_misc_feat_chi,
          serial_bayou_pond_a
D:5:      layout_basic
D:6:      gammafunk_cloud_chamber, layout_rooms, cheibrodos_ashenzari_chains,
          jmf_multi_god_temple, kennysheep_mini_moat
D:7:      minmay_the_grid_octo_tiled_squarecenter [minmay_the_grid_octo_focus,
          minmay_the_grid_octo_shrine, minmay_the_grid_octo_checkerflower,
          minmay_the_grid_octo_toaster,
          minmay_the_grid_square_5x5_megaprize_open,
          minmay_the_grid_square_5x5_n, minmay_the_grid_square_5x5_v,
          minmay_the_grid_square_5x5_hourglass,
          minmay_the_grid_square_5x5_three], layout_loops_corners
Temple:   kb_temple_of_zot

Skill      XL: |  1  2  3  4  5  6  7  8 |
---------------+-------------------------+-----
Spellcasting   | 3 4 |  4.0
Fighting       | 1 2 4 |  4.0
Summonings     | 5 6 |  6.0
Polearms       | 4 6 |  6.6
Air Magic      | 2 |  2.0
Evocations     | 3 |  3.2
Dodging        | |  1.5
Stealth        | |  3.0

Action                   |  1- 3 |  4- 6 |  7- 9 || total
-------------------------+-------+-------+-------++-------
Melee: Unarmed           |     7 |       |       ||     7
       Dagger            |   100 |   185 |   112 ||   397
       Punch             |     1 |     3 |     2 ||     6
       Bite              |       |       |     4 ||     4
 Cast: Summon Small Mamm |    17 |    14 |     5 ||    36
       Call Imp          |     5 |    16 |     9 ||    30
       Call Canine Famil |     3 |    20 |    13 ||    36
       Summon Lightning  |       |       |     2 ||     2
       Animate Skeleton  |       |       |     1 ||     1
 Abil: Spit Poison       |     9 |     7 |     4 ||    20
Evoke: Wand              |       |       |     9 ||     9
  Use: Potion            |     3 |       |     7 ||    10
       Scroll            |     2 |     6 |     1 ||     9
 Stab: Sleeping          |     2 |     1 |       ||     3
       Distracted        |       |     1 |     1 ||     2
Armor: Robe              |    30 |    91 |    45 ||   166
       Skin              |     3 |     2 |       ||     5
Dodge: Dodged            |    65 |   106 |    57 ||   228
